 Dungeon Crawl Stone Soup version 0.23.2-30-g0e89c35649 (webtiles) character file.

Game seed: 7335074792447411390

21073 troglodite the Fighter (level 12, -6/96 HPs)
             Began as a Demonspawn Berserker on June 11, 2019.
             Was an Elder of Trog.
             Mangled by a large abomination (26 damage)
             ... on level 1 of the Abyss.
             The game lasted 00:46:18 (16474 turns).

troglodite the Fighter (Demonspawn Berserker)      Turns: 16474, Time: 00:46:19

Health: -6/96      AC: 21    Str: 23    XL:     12   Next: 51%
Magic:  21/21      EV: 16    Int: 10    God:    Trog [****..]
Gold:   1006       SH:  8    Dex: 16    Spells: 11/11 levels left

rFire    + . .     SeeInvis .   v - +0 short sword of Yeast {pierce, rC+ Str+3}
rCold    + . .     Gourm    .   n - +0 buckler
rNeg     . . .     Faith    .   L - +2 chain mail {MR+}
rPois    .         Spirit   .   T - +2 hat
rElec    .         Reflect  +   z - +2 cloak
rCorr    .         Harm     .   (no gloves)
MR       +....                  k - +1 pair of boots
Stlth    +.........             D - +2 amulet of reflection
HPRegen  0.26/turn              B - ring of Virtue {Int+2 Slay+3}
MPRegen  0.17/turn              H - ring of magical power

@: about to teleport, berserk cooldown, slowed, very slow
A: horns 1, demonic guardian 1, fire resistance 1, sturdy frame 3
a: Berserk, Trog's Hand, Brothers in Arms, Renounce Religion


You were on level 1 of the Abyss.
You worshipped Trog.
Trog was greatly pleased with you.
You were not hungry.

You visited 2 branches of the dungeon, and saw 14 of its levels.
You visited the Abyss 1 time.

You collected 1158 gold pieces.
You spent 152 gold pieces at shops.

Inventory:

Hand Weapons
 a - a +0 falchion
 v - the +0 short sword of Yeast (weapon) {pierce, rC+ Str+3}
   (You bought it in a shop on level 4 of the Dungeon)

   It inflicts extra damage upon your enemies.
   It affects your strength (+3).
   It protects you from cold.
 E - the +9 hunting sling of Amir {venom, rN+ MR- Int+3}
   (You found it on level 8 of the Dungeon)

   It poisons the ammo it fires.
   It affects your intelligence (+3).
   It protects you from negative energy.
   It affects your resistance to hostile enchantments.
 J - a +3 short sword of electrocution
Missiles
 N - 490 stones (quivered)
 O - 70 sling bullets
Armour
 k - a +1 pair of boots (worn)
 n - a +0 buckler (worn)
 z - a +2 cloak (worn)
 I - a scarf of cloud immunity
 L - a +2 chain mail of magic resistance (worn)
 T - a +2 hat (worn)
Jewellery
 q - an uncursed amulet of the acrobat
 B - the ring of Virtue (left hand) {Int+2 Slay+3}
   (You found it on level 8 of the Dungeon)

   [ring of intelligence]

   It affects your intelligence (+2).
   It affects your accuracy and damage with ranged weapons and melee attacks
   (+3).
 D - a +2 amulet of reflection (around neck)
 F - an uncursed ring of fire
 H - a ring of magical power (right hand)
 Q - an uncursed ring of ice
Wands
 d - a wand of clouds (4)
 A - a wand of scattershot (5)
 C - a wand of iceblast (8)
 M - a wand of enslavement (7)
 P - a wand of paralysis (6)
 S - a wand of acid (7)
 U - a wand of random effects (9)
Scrolls
 b - 2 scrolls of fear
 e - a scroll of magic mapping
 f - 5 scrolls of teleportation
 g - 10 scrolls of remove curse
 h - 3 scrolls of identify
 i - 2 scrolls of amnesia {unknown}
 j - a scroll of enchant armour
 o - 2 scrolls of fog {unknown}
 r - 2 scrolls of immolation {unknown}
 y - a scroll of blinking {unknown}
Potions
 l - 3 potions of curing
 m - a potion of resistance
 p - 3 potions of invisibility
 s - 3 potions of haste
 t - 6 potions of agility
 u - a potion of flight
 w - a potion of might
 x - 6 potions of lignification
 G - 3 potions of magic
 K - a potion of berserk rage {unknown}
 R - a potion of heal wounds {unknown}
Comestibles
 c - 16 rations


   Skills:
 * Level 9.4 Fighting
 + Level 8.2(8.8) Short Blades
 + Level 5.0(7.3) Long Blades
 * Level 5.0 Slings
 * Level 9.2 Armour
 * Level 7.7 Dodging
 - Level 1.2 Stealth
 * Level 7.7 Shields


You had 11 spell levels left.
You didn't know any spells.
Your spell library was empty.

Dungeon Overview and Level Annotations

Branches:
Dungeon (13/15)            Temple (0/1) D:4            Lair (0/6) D:11
    Orc (1/2) D:12         Vaults (0/5) D:13

Altars:
Dithmenos
Nemelex Xobeh
Beogh

Shops:
D:4 (

Annotations:
D:13 Urug


Innate Abilities, Weirdness & Mutations

You have a pair of small horns on your head.
A weak demonic guardian rushes to your aid.
Your flesh is heat resistant. (rF+)
Your movements are significantly less encumbered by armour. (ER -6)


Message History

The large abomination is lightly damaged.
Your ogre barely misses the large abomination.
The rakshasa hits your ogre with a +0 whip.
You block the large abomination's attack.
You hit the large abomination but do no damage.
The large abomination is lightly damaged.
Your ogre closely misses the large abomination.
The rakshasa barely misses your ogre.
The large abomination closely misses you.
Your ogre closely misses the large abomination.
You hit the large abomination.
You headbutt the large abomination, but do no damage.
The large abomination is lightly damaged.
The rakshasa hits your ogre with a +0 whip!
Your ogre dies!
Your ogre's corpse disappears in a puff of smoke!
Your ufetubus hits the large abomination.
Your ufetubus hits the large abomination but does no damage.
The large abomination hits you!!
You die...

. .... .#.#
. #. ##.#.##
# ...
#......# ##
# # # #.####
. ##
#.###.####
.#
#.##.......#
# # ....5.##
# #.##.##X#
# #.R§@#
#.##### . .


You could see a rakshasa, a large abomination and a friendly ufetubus.

Vanquished Creatures
  Gastronok (Orc:1)
  Fannar (D:10)
  3 two-headed ogres
  Sonja (D:11)
  3 cyclopes
  A manticore (D:11)
  An ugly thing (D:11)
  Psyche (D:10)
  2 gargoyles
  2 trolls (Orc:1)
  2 hippogriffs
  A queen bee (D:12)
  Grinder (D:4)
  A meliai zombie (D:12)
  A shadow (D:12)
  3 wraiths
  13 yaks
  A hungry ghost (D:11)
  A warg (Orc:1)
  A large abomination (Abyss:1)
  Edmund (D:6)
  2 soldier ants
  A water moccasin (D:10)
  5 porcupines (D:11)
  4 sky beasts
  9 orc warriors
  7 phantoms
  7 ice beasts
  3 black bears
  A necrophage (D:9)
  2 centaurs
  6 ogres
  2 crocodiles
  3 big kobolds
  6 bullfrogs
  A scorpion (D:8)
  21 killer bees
  5 crimson imps
  3 centaur zombies
  A jelly (D:6)
  2 bullfrog zombies
  7 hounds
  9 orc priests
  A centaur skeleton (D:9)
  3 bullfrog skeletons
  4 iguanas
  Natasha (thrice) (D:3)
  Terence (D:2)
  7 worker ants
  4 orc wizards
  A hound skeleton (D:9)
  2 worker ant zombies
  A howler monkey skeleton (D:8)
  10 adders
  3 gnolls (D:2)
  2 shadow imps
  2 white imps (D:8)
  2 oozes
  3 adder skeletons
  An adder zombie (D:8)
  4 worms
  3 dart slugs
  5 leopard geckos
  43 orcs
  3 ball pythons
  10 bats
  6 giant cockroaches
  9 goblins
  10 hobgoblins
  13 jackals
  19 kobolds
  3 quokkas
  6 frilled lizards
  A leopard gecko zombie (D:7)
  8 rats
  A fungus (D:11)
343 creatures vanquished.

Vanquished Creatures (collateral kills)
  The ghost of funkygono the Destroyer, a novice DrCj of Vehumet (D:8)
  A troll (D:9)
  The ghost of AdmiralAndromeda the Thaumaturge, a novice DEWz of Sif Muna (D:5)
  A warg (Orc:1)
  2 orc warriors (Orc:1)
  A sky beast (D:8)
  2 black bears
  An ogre (D:7)
  A centaur (D:8)
  A water moccasin zombie (D:5)
  5 killer bees
  A wight (D:7)
  A crimson imp (D:7)
  3 hounds
  A jelly (D:7)
  A gnoll shaman (D:7)
  A bullfrog zombie (D:7)
  An orc priest (D:3)
  2 orc wizards (Orc:1)
  A centaur simulacrum (D:8)
  A howler monkey zombie (D:7)
  3 adders
  A hound simulacrum (D:8)
  A white imp (D:8)
  A worker ant simulacrum (D:8)
  A leopard gecko (D:7)
  3 orcs
  A giant cockroach (D:5)
  A goblin (D:3)
  2 jackals
  A kobold (D:10)
  A fungus (D:11)
46 creatures vanquished.

Vanquished Creatures (others)
  13 fungi (D:11)
  5 plants (D:11)
18 creatures vanquished.

Grand Total: 407 creatures vanquished

Notes
Turn   | Place    | Note
-------+----------+-------------------------------------------
     0 | D:1      | troglodite the Demonspawn Berserker began the quest for the
                  | Orb.
     0 | D:1      | Reached XP level 1. HP: 18/18 MP: 1/1
    57 | D:1      | Found a sparkling altar of Nemelex Xobeh.
   126 | D:1      | Gained mutation: A weak demonic guardian rushes to your
                  | aid. [demonic ancestry]
   126 | D:1      | Reached XP level 2. HP: 24/24 MP: 2/2
   579 | D:2      | Gained mutation: Your movements are slightly less
                  | encumbered by armour. (ER -2) [demonic ancestry]
   579 | D:2      | Reached XP level 3. HP: 29/29 MP: 3/3
  1148 | D:2      | Reached ** piety under Trog
  1872 | D:2      | Reached XP level 4. HP: 37/37 MP: 4/4
  2276 | D:2      | Noticed Terence
  2287 | D:2      | Killed Terence
  2607 | D:3      | Reached XP level 5. HP: 39/42 MP: 5/5
  2648 | D:3      | Noticed Natasha
  2659 | D:3      | Killed Natasha
  2659 | D:3      | Reached skill level 1 in Shields
  2773 | D:3      | Reached *** piety under Trog
  3134 | D:3      | Noticed Natasha
  3146 | D:3      | Killed Natasha
  3146 | D:3      | Reached XP level 6. HP: 45/49 MP: 6/6
  3403 | D:3      | Noticed Natasha
  3410 | D:3      | Killed Natasha
  3729 | D:4      | Found Dilicve Qeha's Antique Weapon Emporium.
  3736 | D:4      | Noticed Grinder
  3743 | D:4      | Reached skill level 1 in Stealth
  3744 | D:4      | Paralysed by Grinder for 4 turns
  3752 | D:4      | Killed Grinder
  3752 | D:4      | Gained mutation: You have a pair of small horns on your
                  | head. [demonic ancestry]
  3752 | D:4      | Reached XP level 7. HP: 51/55 MP: 7/7
  3826 | D:4      | Found a staircase to the Ecumenical Temple.
  4037 | D:4      | Reached skill level 5 in Fighting
  4082 | D:5      | Entered Level 5 of the Dungeon
  4133 | D:4      | Bought a crystal short sword for 152 gold pieces
  4133 | D:4      | Identified the cursed +0 short sword of Yeast {pierce, rC+
                  | Str+3} (You bought it in a shop on level 4 of the Dungeon)
  4596 | D:5      | Found a runed translucent door.
  4600 | D:5      | Noticed AdmiralAndromeda's ghost (novice DEWz)
  4670 | D:5      | Found a sparkling altar of Nemelex Xobeh.
  4937 | D:5      | Reached **** piety under Trog
  5002 | D:5      | Gained mutation: Your movements are less encumbered by
                  | armour. (ER -4) [demonic ancestry]
  5002 | D:5      | Reached XP level 8. HP: 62/62 MP: 8/8
  5100 | D:5      | Reached skill level 1 in Short Blades
  5390 | D:5      | Killed AdmiralAndromeda's ghost
  5434 | D:6      | Reached skill level 5 in Long Blades
  5439 | D:6      | Reached skill level 5 in Armour
  5821 | D:6      | Noticed Edmund
  5828 | D:6      | Killed Edmund
  5910 | D:6      | Found a shadowy altar of Dithmenos.
  5930 | D:6      | Reached XP level 9. HP: 69/69 MP: 9/9
  6528 | D:7      | Reached skill level 5 in Dodging
  7981 | D:8      | Found a runed translucent gate.
  7981 | D:8      | Found a runed translucent gate.
  7981 | D:8      | Found a runed translucent gate.
  8300 | D:8      | Got an ancient hunting sling
  8300 | D:8      | Noticed funkygono's ghost (novice DrCj)
  8577 | D:8      | Identified the +9 hunting sling of Amir {venom, rN+ MR-
                  | Int+3} (You found it on level 8 of the Dungeon)
  8594 | D:8      | Reached skill level 5 in Shields
  8625 | D:8      | Killed funkygono's ghost
  8625 | D:8      | Gained mutation: Your flesh is heat resistant. (rF+)
                  | [demonic ancestry]
  8625 | D:8      | Reached XP level 10. HP: 65/77 MP: 10/10
  8629 | D:8      | Got a crude ivory ring
  8657 | D:8      | Identified the ring of Virtue {Int+2 Slay+3} (You found it
                  | on level 8 of the Dungeon)
  8801 | D:9      | Reached skill level 1 in Slings
  8811 | D:9      | Reached skill level 5 in Short Blades
  8947 | D:9      | Reached ***** piety under Trog
  9672 | D:10     | Entered Level 10 of the Dungeon
  9720 | D:10     | Noticed Psyche
  9731 | D:10     | Killed Psyche
 10106 | D:10     | Noticed a gargoyle
 10121 | D:10     | Killed a gargoyle
 10347 | D:10     | Received a gift from Trog
 10347 | D:10     | Gained mutation: Your movements are significantly less
                  | encumbered by armour. (ER -6) [demonic ancestry]
 10347 | D:10     | Reached XP level 11. HP: 78/83 MP: 11/11
 11817 | D:10     | Noticed Fannar
 11836 | D:10     | Killed Fannar
 12564 | D:11     | Found a staircase to the Lair.
 13393 | D:11     | Noticed a two-headed ogre
 13399 | D:11     | Killed a two-headed ogre
 13434 | D:11     | Noticed Sonja
 13666 | D:11     | Noticed a two-headed ogre
 13677 | D:11     | Killed a two-headed ogre
 13817 | D:11     | Killed Sonja
 14243 | D:11     | Noticed a red ugly thing
 14250 | D:11     | Killed a red ugly thing
 14477 | D:12     | Found a staircase to the Orcish Mines.
 14583 | D:12     | Received a gift from Trog
 14731 | D:12     | Reached XP level 12. HP: 45/94 MP: 12/12
 15953 | D:13     | Found a gate to the Vaults.
 15953 | D:13     | Noticed Urug
 15953 | D:13     | Noticed a centaur warrior
 15953 | D:13     | Noticed a two-headed ogre
 16005 | D:13     | Noticed a two-headed ogre
 16093 | D:13     | Killed a two-headed ogre
 16278 | Orc:1    | Entered Level 1 of the Orcish Mines
 16286 | Orc:1    | Found a roughly hewn altar of Beogh.
 16300 | Orc:1    | Noticed Gastronok
 16318 | Orc:1    | Killed Gastronok
 16366 | Orc:1    | Reached skill level 5 in Slings
 16390 | Orc:1    | Cast into level 1 of the Abyss (orc warrior)
 16462 | Abyss:1  | Noticed a rakshasa
 16474 | Abyss:1  | Mangled by a large abomination

Skill      XL: |  1  2  3  4  5  6  7  8  9 10 11 12 |
---------------+-------------------------------------+-----
Long Blades    | 3 4 5 |  5.0
Armour         | 2 3 4 5 6 7 8 9 |  9.2
Dodging        | 2 3 4 5 6 7 |  7.7
Fighting       | 4 5 6 7 8 9 |  9.4
Shields        | 1 2 3 5 6 7 |  7.7
Stealth        | 1 |  1.2
Short Blades   | 2 4 6 7 8 |  8.2
Slings         | 2 4 5 |  5.0

Action                   |  1- 3 |  4- 6 |  7- 9 | 10-12 || total
-------------------------+-------+-------+-------+-------++-------
Melee: Falchion          |   120 |   160 |    34 |       ||   314
       Short sword       |       |       |   507 |   764 ||  1271
       Headbutt          |       |       |   135 |   207 ||   342
Invok: Berserk           |     2 |     9 |    12 |    22 ||    45
       Trog's Hand       |     1 |       |       |     1 ||     2
       Brothers in Arms  |       |       |     4 |     4 ||     8
  Use: Scroll            |       |       |     1 |    16 ||    17
       Potion            |       |       |       |     1 ||     1
 Stab: Sleeping          |     1 |       |       |       ||     1
       Distracted        |       |     1 |       |     5 ||     6
  Eat: Chunk             |     5 |    13 |    21 |    17 ||    56
       Ration            |       |       |     3 |     9 ||    12
Armor: Animal skin       |    16 |     2 |       |       ||    18
       Chain mail        |       |    78 |    63 |   222 ||   363
       Plate armour      |       |       |   128 |    20 ||   148
Dodge: Dodged            |    87 |    83 |   232 |   342 ||   744
Block: Buckler           |     3 |    28 |   111 |   201 ||   343
       Reflection        |       |       |       |    12 ||    12
       Rpst.: Falchion   |    24 |    32 |     2 |       ||    58
